Construct Infanterie Kompanie
Selects Luftwaffe Battlegroup
Selects Fallschirmpioneer Squad Paradrop
Fallschirmpioneer Squad Paradrop
Selects Reconnaissance Run
Construct Panzergrenadier Kompanie
Fallschirmpioneer Squad Paradrop
Selects Fallschirmjäger Squad Paradrop
Fallschirmjäger Squad Paradrop
Selects LG40 Recoilless Launcher Paradrop
Pak 40 Anti-tank Gun Team
LG40 Recoilless Launcher Paradrop
Fallschirmjäger Squad Paradrop
Selects Fragmentation Bombs
Selects Flak 36 Anti-tank Gun Emplacement
Nebelwerfer 42 Rocket Launcher Team
Construct Panzer Kompanie